 Dungeon Crawl Stone Soup version 0.31-a0-240-gb923e448b6 (webtiles) character file.

Game seed: 13228899201637736712

32 qw the Shooter (level 3, 0/21 HPs)
             Began as a Gargoyle Hexslinger on July 12, 2023.
             Slain by an iguana (11 damage)
             ... on level 2 of the Dungeon.
             The game lasted 00:00:18 (925 turns).

qw the Shooter (Gargoyle Hexslinger)                 Turns: 925, Time: 00:00:18

Health: 0/21       AC:  6    Str: 11    XL:     3   Next: 25%
Magic:  4/4        EV: 11    Int: 13    God:
Gold:   42         SH:  0    Dex: 14    Spells: 3/4 levels left

rFire   + . .        Y - +1 sling
rCold   . . .        (no shield)
rNeg    + . .        i - +0 leather armour
rPois   inf          (no helmet)
rElec   +            (no cloak)
rCorr   .            (no gloves)
SInv    .            (no boots)
Will    .....        (no amulet)
Stlth   +            f - ring of protection from fire
HPRegen 0.23/turn    (no ring)
MPRegen 0.09/turn

%: no passive effects
@: no status effects
A: sickness immunity, AC +3, negative energy resistance 1, electricity
resistance, torment resistance 1, petrification resistance
a: no special abilities


You were on level 2 of the Dungeon.
You visited 1 branch of the dungeon, and saw 2 of its levels.

You collected 42 gold pieces.


Innate Abilities, Weirdness & Mutations

You are immune to sickness and miasma.
Your stone body is resilient. (AC +3)
You are immune to poison.
You resist negative energy. (rN+)
You are resistant to electric shocks. (rElec)
You are resistant to unholy torment.
You are immune to petrification.


   Skills:
 - Level 2.0 Fighting
 + Level 3.2 Ranged Weapons
 - Level 1.5 Dodging
 - Level 1.0 Spellcasting
 - Level 2.6 Hexes


You had 3 spell levels left.
You knew the following spells:

 Your Spells              Type           Power      Damage    Failure   Level
a - Slow                  Hex            28%        N/A       12%         1

Your spell library contained the following spells:

 Spells                   Type           Power      Damage    Failure   Level
 Inner Flame              Hex/Fire       4%         N/A       54%         3
 Portal Projectile        Hex/Tloc       8%         N/A       54%         3
 Cause Fear               Hex            3%         N/A       77%         4

Inventory:

Hand Weapons
 Y - a +1 sling (weapon)
Armour
 i - a +0 leather armour (worn)
Jewellery
 f - a ring of protection from fire (left hand)
Potions
 d - a potion of attraction {unknown}

Dungeon Overview and Level Annotations

Branches:
Dungeon (2/15)

Altars:


Message History

An iguana comes into view.
Found a stone staircase leading down.
You shoot a sling bullet.
The sling bullet barely misses the iguana.
A rat comes into view.
You shoot a sling bullet.
The sling bullet closely misses the rat.
The rat misses you.
You shoot a sling bullet.
The sling bullet closely misses the rat.
The rat bites you but does no damage.
You shoot a sling bullet. The sling bullet hits the rat!
You kill the rat!
The iguana bites you!
You shoot a sling bullet. The sling bullet hits the iguana.
The iguana is lightly wounded.
The iguana bites you but does no damage.
You shoot a sling bullet. The sling bullet hits the iguana.
The iguana is heavily wounded.
The iguana closely misses you.
You shoot a sling bullet.
The sling bullet hits the iguana but does no damage.
The iguana is heavily wounded.
The iguana barely misses you.
You shoot a sling bullet. The sling bullet hits the iguana.
The iguana is heavily wounded.
The iguana bites you. The iguana barely misses you.
You shoot a sling bullet. The sling bullet hits the iguana.
The iguana is severely wounded.
The iguana bites you but does no damage.
You shoot a sling bullet.
The sling bullet hits the iguana but does no damage.
The iguana is severely wounded.
The iguana completely misses you.
You shoot a sling bullet.
The sling bullet hits the iguana but does no damage.
The iguana is severely wounded.
The iguana closely misses you. The iguana bites you!
Ouch! That really hurt!
You die...

# #.########
#......<.####
#.##........#
#.###.##.#
#@# .# #
..>...l.# .#
###...### .#
##.# .# #. .#
#


You could see an iguana.

Vanquished Creatures
  2 dart slugs (D:1)
  3 ball pythons (D:1)
  5 bats (D:1)
  2 endoplasms (D:1)
  3 giant cockroaches (D:1)
  2 goblins (D:1)
  2 hobgoblins (D:1)
  A kobold (D:1)
  2 frilled lizards (D:1)
  4 rats
26 creatures vanquished.

Notes
Turn   | Place    | Note
-------+----------+-------------------------------------------
     0 | D:1      | qw the Gargoyle Hexslinger began the quest for the Orb.
     0 | D:1      | Reached XP level 1. HP: 12/12 MP: 2/2
     0 | D:1      | 0 ||| qw: Version: 0.3-a-52-g30416fa
     0 | D:1      | 0 ||| qw: Game counter: 6160
     0 | D:1      | 0 ||| qw: Melee chars always use a shield: true
     0 | D:1      | 0 ||| qw: God list: Okawaru
     0 | D:1      | 0 ||| qw: Allow faded altars: false
     0 | D:1      | 0 ||| qw: Do Orc after clearing Dungeon:15 true
     0 | D:1      | 0 ||| qw: Do second Lair branch before Depths: true
     0 | D:1      | 0 ||| qw: Lair rune preference: random
     0 | D:1      | 0 ||| qw: Goals: Normal
     0 | D:1      | 0 ||| PLANNING D:1-11
   137 | D:1      | Reached XP level 2. HP: 16/16 MP: 3/3
   137 | D:1      | Found a faded altar of an unknown god.
   285 | D:1      | Reached skill level 3 in Ranged Weapons
   486 | D:1      | Reached XP level 3. HP: 21/21 MP: 4/4
   863 | D:1      | 863 ||| UPGRADING to +0 leather armour.
   873 | D:1      | 873 ||| DROPPING +0 robe.
   874 | D:1      | 874 ||| UPGRADING to ring of protection from fire.
   875 | D:1      | 875 ||| DROPPING ring of flight.
   876 | D:1      | 876 ||| READING scroll labelled TEOMUDGH ZAHUWY.
   881 | D:1      | 881 ||| READING scroll labelled ZOPSULOYGA.
   882 | D:1      | 882 ||| READING scroll labelled OGHAUMP TIFE.
   883 | D:1      | 883 ||| DRINKING 2 gluggy blue potions.
   887 | D:1      | 887 ||| DROPPING scroll of poison.
   888 | D:1      | 888 ||| DROPPING potion of ambrosia.
   925 | D:2      | Slain by an iguana

Levels and vault maps discovered:
D:1:      heliophobic_arrival_glass_houses, layout_loops_corners,
          ebering_ecumenical_altar_webs, solitary_fountain
D:2:      layout_loops_corners, uniq_terence

Skill      XL: |  1  2 |
---------------+-------+-----
Ranged Weapons | 3 |  3.2
Fighting       | 2 |  2.0
Dodging        | |  1.5
Spellcasting   | |  1.0
Hexes          | |  2.6

Action                     || total
---------------------------++-------
   Fire: Sling             ||    60
    Use: Scroll            ||     3
         Potion            ||     1
 Armour: Robe              ||     2
         Leather armour    ||     3
  Dodge: Dodged            ||     8

Table legend:
 A = Non-vault XP
 B = Vault XP
 C = Vault XP percentage of total XP
 D = Non-vault monster count
 E = Vault monster count
 F = Vault count percentage of total count
                 A         B        C        D         E       F
            +---------+---------+-------+---------+---------+-------
      Total |      46 |       0 |   0.0 |      26 |       0 |   0.0
            +---------+---------+-------+---------+---------+-------
        D:1 |      45 |       0 |   0.0 |      25 |       0 |   0.0
        D:2 |       1 |       0 |   0.0 |       1 |       0 |   0.0
            +---------+---------+-------+---------+---------+-------
